 Dungeon Crawl Stone Soup version 0.22.1-2-g9c5b331383 (webtiles) character file.

163 Peloso the Shield-Bearer (level 5, -7/47 HPs)
             Began as a Minotaur Fighter on Nov 22, 2018.
             Mangled by an ogre
             ... wielding a +0 giant club
              (18 damage)
             ... on level 4 of the Dungeon.
             The game lasted 00:03:38 (1865 turns).

Peloso the Shield-Bearer (Minotaur Fighter)         Turns: 1865, Time: 00:03:39

Health: -7/47      AC:  8    Str: 26    XL:     5   Next: 20%
Magic:  4/4        EV:  8    Int:  5    God:
Gold:   87         SH: 10    Dex: 10    Spells: 4/4 levels left

rFire    . . .     SeeInvis .   a - +0 long sword
rCold    . . .     Gourm    .   c - +0 shield
rNeg     . . .     Faith    .   b - +0 scale mail
rPois    .         Spirit   .   (helmet restricted)
rElec    .         Reflect  .   q - scarf {cloud immunity}
rCorr    .         Harm     .   p - +0 pair of gloves
MR       .....                  (no boots)
Stlth    +.........             (no amulet)
HPRegen  0.15/turn              m - ring of stealth
MPRegen  0.09/turn              (no ring)

@: mighty
A: retaliatory headbutt, horns 2
a: no special abilities


You were on level 4 of the Dungeon.
You were not hungry.

You visited 1 branch of the dungeon, and saw 4 of its levels.

You collected 87 gold pieces.

Inventory:

Hand Weapons
 a - a +0 long sword (weapon)
Armour
 b - a +0 scale mail (worn)
 c - a +0 shield (worn)
 p - a +0 pair of gloves (worn)
 q - a scarf of cloud immunity (worn)
Jewellery
 m - a ring of stealth (left hand)
Scrolls
 g - a scroll of remove curse
 i - 2 scrolls of teleportation {unknown}
 n - 2 scrolls of identify {unknown}
Potions
 e - a potion of berserk rage {unknown}
 h - 4 potions of curing {unknown}
 j - 2 potions of agility {unknown}
 k - a potion of flight {unknown}
 l - a potion of heal wounds {unknown}
 o - a potion of degeneration {unknown}
Comestibles
 f - 10 rations


   Skills:
 + Level 4.3 Fighting
 + Level 4.2 Long Blades
 + Level 4.3 Armour
 + Level 1.6 Dodging
 + Level 4.7 Shields


You had 4 spell levels left.
You didn't know any spells.
Your spell library was empty.

Dungeon Overview and Level Annotations

Branches:
Dungeon (4/15)
 Temple: D:4-7

Altars:


Innate Abilities, Weirdness & Mutations

You reflexively headbutt those who attack you in melee.
You have a pair of horns on your head.


Message History

Found a stone staircase leading up.
Okay, then.
An adder comes into view.
The adder hisses angrily.
You feel very mighty all of a sudden. The ogre hits you with a giant club!
You slash the ogre!
The ogre is heavily wounded.
The adder bites you but does no damage. The ogre hits you with a giant club!
* * * LOW HITPOINT WARNING * * *
You barely miss the ogre.
The ogre is heavily wounded.
The adder closely misses you. You furiously retaliate!
You headbutt the adder! You block the ogre's attack.
You block the adder's attack.
You barely miss the ogre. Your headbutt misses the ogre.
The ogre is heavily wounded.
The adder bites you.
* * * LOW HITPOINT WARNING * * *
The ogre hits you with a giant club!!
You die...

#. #. .#.... #..#.
#.#....# #..#.##.#....#<
#.............. ....
+..............
......#.......#....#.
......#.......#......
......#......O..!..#
.............@S....#.
.....................
.....................
##..........#......
.....##.#........#......
.....##.#........#..#+##
.................#..#
.....................
#...........#......!..


You could see an ogre and an adder.

Vanquished Creatures
  A bullfrog skeleton (D:3)
  7 adders
  An ooze (D:4)
  3 worms (D:2)
  A dart slug (D:1)
  4 leopard geckos
  4 giant cockroaches
  7 goblins
  3 hobgoblins
  3 jackals (D:2)
  5 kobolds
  10 bats
  3 frilled lizards
  7 rats
59 creatures vanquished.

Notes
Turn   | Place    | Note
-------+----------+-------------------------------------------
     0 | D:1      | Peloso the Minotaur Fighter began the quest for the Orb.
     0 | D:1      | Reached XP level 1. HP: 19/19 MP: 0/0
   242 | D:1      | Reached XP level 2. HP: 27/27 MP: 1/1
   787 | D:2      | Reached XP level 3. HP: 27/33 MP: 2/2
  1130 | D:2      | Reached XP level 4. HP: 37/40 MP: 3/3
  1533 | D:3      | Reached skill level 1 in Dodging
  1567 | D:3      | Reached XP level 5. HP: 39/46 MP: 4/4
  1855 | D:4      | Noticed an ogre
  1865 | D:4      | Mangled by an ogre

Skill      XL: |  1  2  3  4 |
---------------+-------------+-----
Shields        | 4 |  4.7
Fighting       | 4 |  4.3
Armour         | 4 |  4.3
Long Blades    | 3 4 |  4.2
Dodging        | 1 |  1.6

Action                   |  1- 3 |  4- 6 || total
-------------------------+-------+-------++-------
Melee: Long sword        |   102 |    62 ||   164
       Headbutt          |    11 |    10 ||    21
  Use: Scroll            |       |     1 ||     1
       Potion            |       |     1 ||     1
  Eat: Chunk             |       |     3 ||     3
Armor: Scale mail        |    51 |    38 ||    89
Dodge: Dodged            |    31 |    20 ||    51
Block: Shield            |    54 |    27 ||    81
       Rpst.: Long sword |     9 |     3 ||    12
